 Dungeon Crawl Stone Soup version 0.28.0-53-g5a82cb258f (webtiles) character file.

Game seed: 1799171481439083488

1269 valliere the Cleaver (level 8, -5/58 HPs)
             Began as a Demonspawn Berserker on May 28, 2022.
             Was a Believer of Trog.
             Slain by an orc warrior
             ... wielding a +0 flail
              (14 damage)
             ... on level 6 of the Dungeon.
             The game lasted 00:17:28 (6080 turns).

valliere the Cleaver (Demonspawn Berserker)         Turns: 6080, Time: 00:17:28

Health: -5/58      AC:  9    Str: 20    XL:     8   Next: 28%
Magic:  8/8        EV: 11    Int:  9    God:    Trog [**....]
Gold:   222        SH:  0    Dex: 12    Spells: 7/7 levels left

rFire   . . .      SeeInvis .   a - +0 hand axe
rCold   . . .      Faith    .   (no shield)
rNeg    + + .      Spirit   .   s - +3 ring mail "Ihogh" {rN++}
rPois   .          Reflect  .   (no helmet)
rElec   .          Harm     .   (no cloak)
rCorr   .          Rampage  .   (no gloves)
Will    ++...                   (no boots)
Stlth   +.........              (no amulet)
HPRegen 1.19/turn               (no ring)
MPRegen 0.11/turn               (no ring)

@: strong-willed, regenerating
A: foul stench 1, spiny 1, demonic touch 2
a: Renounce Religion, Berserk, Trog's Hand


You were on level 6 of the Dungeon.
You worshipped Trog.
Trog was pleased with you.
You visited 1 branch of the dungeon, and saw 6 of its levels.

You collected 222 gold pieces.

Inventory:

Hand Weapons
 a - a +0 hand axe (weapon)
Missiles
 o - 2 throwing nets (quivered)
Armour
 b - a +0 animal skin
 g - a +0 ring mail
 q - a +0 scale mail
 s - the +3 ring mail "Ihogh" (worn) {rN++}
   (You found it on level 4 of the Dungeon)

   rN:        It greatly protects you from negative energy.
Wands
 n - a wand of digging (6)
Scrolls
 d - a scroll of magic mapping {unknown}
 f - a scroll of enchant armour {unknown}
 h - 8 scrolls of identify {unknown}
 j - a scroll of amnesia {unknown}
 m - a scroll of noise {unknown}
 r - 2 scrolls of teleportation {unknown}
Potions
 c - a potion of magic {unknown}
 e - a potion of curing {unknown}
 i - a potion of resistance {unknown}
 k - a potion of lignification {unknown}
 l - a potion of invisibility {unknown}
 p - 5 potions of mutation {unknown}


   Skills:
 - Level 3.0 Fighting
 * Level 8.0 Axes
 + Level 5.2 Armour
 - Level 2.4 Dodging


You had 7 spell levels left.
You didn't know any spells.
Your spell library was empty.

Dungeon Overview and Level Annotations

Branches:
Dungeon (6/15)
 Temple: D:4-7

Altars:
Ashenzari
Dithmenos
Elyvilon
Hepliaklqana
Ru

Shops:
D:2 ?   D:5 (


Innate Abilities, Weirdness & Mutations

You may rarely emit foul miasma when damaged in melee.
You are partially covered in sharp spines.
Your touch may inflict irresistible damage on your foes.


Message History

The orc priest is struck by your spines.
You kill the orc priest!
Trog accepts your kill. The orc is struck by your spines. The orc misses you.
The orc warrior hits you but does no damage.
You barely miss the orc.
You touch the orc.
You kill the orc!
Trog accepts your kill.
You closely miss the orc warrior.
The orc warrior hits you with a +0 flail!
You hit the orc warrior but do no damage.
The orc warrior barely misses you.
You hit the orc warrior but do no damage.
The orc warrior hits you with a +0 flail.
You hit the orc warrior.
The orc warrior is lightly wounded.
The orc warrior is struck by your spines.
The orc warrior closely misses you.
You hit the orc warrior but do no damage.
The orc warrior is moderately wounded.
The orc warrior hits you with a +0 flail!
You hit the orc warrior.
The orc warrior is heavily wounded.
You barely miss the orc warrior.
The orc warrior is heavily wounded.
The orc warrior hits you with a +0 flail!
You hit the orc warrior but do no damage.
You touch the orc warrior.
The orc warrior is severely wounded.
The orc warrior hits you with a +0 flail!
You hit the orc warrior but do no damage.
The orc warrior is severely wounded.
The orc warrior is struck by your spines.
The orc warrior hits you with a +0 flail!
* * * LOW HITPOINT WARNING * * *
Your skin crawls.
You feel strong-willed.
The orc warrior is struck by your spines.
The orc warrior hits you with a +0 flail!
You die...

# ### #.#..
#...)########
#...o@.......
#...))#######
........#
####....#
......#
#......#
#......#
#..#+#.#


You could see an orc warrior.

Vanquished Creatures
  Menkaure (D:4)
  An orc warrior (D:5)
  2 ogres
  2 scorpions (D:5)
  A wyvern zombie (D:3)
  A water moccasin zombie (D:4)
  A water moccasin skeleton (D:4)
  A wyvern skeleton (D:5)
  3 jellies
  A hound (D:4)
  3 orc priests
  Crazy Yiuf (D:5)
  A bullfrog skeleton (D:5)
  A centaur skeleton (D:5)
  An iguana (D:5)
  Natasha (D:3)
  An orc wizard (D:5)
  7 adders
  An adder skeleton (D:4)
  2 worms
  2 dart slugs
  17 orcs
  3 bats (D:1)
  6 endoplasms
  2 giant cockroaches
  8 goblins
  7 hobgoblins
  10 jackals
  4 quokkas
  9 ball pythons
  2 frilled lizards (D:1)
  7 kobolds
  6 rats
116 creatures vanquished.

Notes
Turn   | Place    | Note
-------+----------+-------------------------------------------
     0 | D:1      | valliere the Demonspawn Berserker began the quest for the
                  | Orb.
     0 | D:1      | Reached XP level 1. HP: 18/18 MP: 1/1
   216 | D:1      | Reached skill level 3 in Axes
   433 | D:1      | Gained mutation: You are partially covered in sharp spines.
                  | [demonic ancestry]
   433 | D:1      | Reached XP level 2. HP: 24/24 MP: 2/2
   857 | D:1      | Reached XP level 3. HP: 29/29 MP: 3/3
   862 | D:1      | Reached ** piety under Trog
  1893 | D:2      | Found Veyboh's Magic Scroll Emporium.
  2417 | D:3      | Reached skill level 4 in Axes
  2417 | D:3      | Reached XP level 4. HP: 16/35 MP: 4/4
  2678 | D:3      | Found a shadowy altar of Dithmenos.
  2802 | D:3      | Found a faded altar of an unknown god.
  2867 | D:3      | Reached XP level 5. HP: 41/41 MP: 5/5
  3092 | D:3      | Noticed Natasha
  3100 | D:3      | Killed Natasha
  3311 | D:3      | Reached skill level 5 in Axes
  3483 | D:4      | Found a hazy altar of Hepliaklqana.
  3486 | D:4      | Found a broken altar of Ashenzari.
  3489 | D:4      | Found a sacrificial altar of Ru.
  3544 | D:4      | Noticed an ogre
  3550 | D:4      | Killed an ogre
  3551 | D:4      | Gained mutation: You may rarely emit foul miasma when
                  | damaged in melee. [demonic ancestry]
  3551 | D:4      | Reached XP level 6. HP: 47/47 MP: 6/6
  4017 | D:4      | Identified the +3 ring mail "Ihogh" {rN++}
  4119 | D:4      | Noticed Menkaure
  4131 | D:4      | Killed Menkaure
  4132 | D:4      | Reached skill level 6 in Axes
  4132 | D:4      | Gained mutation: Your touch may inflict minor irresistible
                  | damage on your foes. [demonic ancestry]
  4132 | D:4      | Reached XP level 7. HP: 26/52 MP: 7/7
  4626 | D:5      | Entered Level 5 of the Dungeon
  4757 | D:5      | Reached skill level 7 in Axes
  5163 | D:5      | Gained mutation: Your touch may inflict irresistible damage
                  | on your foes. [demonic ancestry]
  5163 | D:5      | Reached XP level 8. HP: 21/58 MP: 8/8
  5476 | D:5      | Reached skill level 5 in Armour
  5538 | D:5      | Found Wiafri's Weapon Shoppe.
  5897 | D:5      | Found a runed translucent door.
  5898 | D:5      | Noticed Crazy Yiuf
  6017 | D:5      | Killed Crazy Yiuf
  6018 | D:5      | Reached skill level 8 in Axes
  6080 | D:6      | Slain by an orc warrior

Illustrated notes

Levels and vault maps discovered:
D:1:      doesnt_arrival_eight_statues, layout_basic
D:2:      layout_basic, serial_shops, nicolae_shop_competitors_out_of_business,
          minmay_tetromino_l2
D:3:      layout_loops_ring, grunt_dithmenos_smoke,
          ebering_ecumenical_altar_rust, uniq_natasha
D:4:      layout_loops_ring, grunt_temple_overflow_open, minmay_pentomino_pile,
          uniq_menkaure
D:5:      layout_cave_pools, serial_shops, shop, supply_closet_lemuel,
          kennysheep_small_spiral, uniq_crazy_yiuf_cottage
D:6:      layout_basic, lemuel_round_altar, minmay_temple_entry_gardened_gates,
          gup_sewer_entry_spiral

Skill      XL: |  1  2  3  4  5  6  7  8 |
---------------+-------------------------+-----
Axes           | 3 4 5 6 7 8 |  8.0
Dodging        | 2 |  2.4
Armour         | 2 3 4 5 |  5.2
Fighting       | |  3.0

Action                   |  1- 3 |  4- 6 |  7- 9 || total
-------------------------+-------+-------+-------++-------
Melee: Hand axe          |    89 |   111 |    98 ||   298
       Punch             |       |     1 |       ||     1
       Touch             |       |       |    20 ||    20
Throw: Throwing net      |       |       |     1 ||     1
Invok: Berserk           |     1 |     4 |     2 ||     7
       Trog's Hand       |     1 |       |     1 ||     2
 Stab: Sleeping          |     2 |       |       ||     2
Armor: Animal skin       |     5 |       |       ||     5
       Ring mail         |     5 |    17 |    34 ||    56
       Scale mail        |       |    12 |       ||    12
Dodge: Dodged            |    47 |    45 |    32 ||   124
